 Dungeon Crawl Stone Soup version 0.24-a0-370-g78e9d4e317 (webtiles) character file.

Game seed: 6250850511327805123

37 Holzbalken the Poker (level 3, -5/27 HPs)
             Began as a Demonspawn Gladiator on May 30, 2019.
             Was an Initiate of Makhleb.
             Slain by Sigmund
             ... wielding a +0 scythe
              (8 damage)
             ... on level 2 of the Dungeon.
             The game lasted 00:04:26 (1124 turns).

Holzbalken the Poker (Demonspawn Gladiator)         Turns: 1124, Time: 00:04:27

Health: -5/27      AC:  6    Str: 15    XL:     3   Next: 21%
Magic:  3/3        EV: 12    Int:  9    God:    Makhleb [......]
Gold:   58         SH:  0    Dex: 14    Spells: 2/2 levels left

rFire    . . .     SeeInvis .   a - +0 trident
rCold    . . .     Gourm    .   (no shield)
rNeg     . . .     Faith    .   b - +0 leather armour
rPois    .         Spirit   .   (helmet restricted)
rElec    .         Reflect  .   k - +0 cloak
rCorr    .         Harm     .   (no gloves)
MR       .....                  (no boots)
Stlth    +.........             (no amulet)
HPRegen  0.09/turn              (no ring)
MPRegen  0.08/turn              (no ring)

@: no status effects
A: antennae 1, molten scales 1
a: Renounce Religion


You were on level 2 of the Dungeon.
You worshipped Makhleb.
Makhleb was noncommittal.
You were not hungry.

You visited 1 branch of the dungeon, and saw 2 of its levels.

You collected 58 gold pieces.

Inventory:

Hand Weapons
 a - a +0 trident (weapon)
Missiles
 d - 3 throwing nets (quivered)
Armour
 b - a +0 leather armour (worn)
 c - a +0 helmet
 k - a +0 cloak (worn)
Scrolls
 e - a scroll of amnesia {unknown}
 i - 2 scrolls of blinking {unknown}
 j - a scroll of identify {unknown}
 l - a scroll of enchant weapon {unknown}
 n - a scroll of fear {unknown}
Potions
 g - 2 potions of lignification {unknown}
 m - a potion of ambrosia {unknown}
 o - a potion of degeneration {unknown}
 p - a potion of heal wounds {unknown}
Comestibles
 f - 3 rations
 h - 3 chunks of flesh


   Skills:
 - Level 2.0 Fighting
 + Level 4.0 Polearms
 - Level 1.7 Throwing
 - Level 2.6 Dodging


You had 2 spell levels left.
You didn't know any spells.
Your spell library was empty.

Dungeon Overview and Level Annotations

Branches:
Dungeon (2/15)

Altars:
Makhleb

Annotations:
D:2 Sigmund


Innate Abilities, Weirdness & Mutations

You have a pair of small antennae on your head.
You are partially covered in molten scales. (AC +2)


Message History

Sigmund gestures at you while chanting.
You are confused.
A goblin comes into view. It is wielding a +0 club.
Sigmund gestures at you while chanting. The puff of flame hits you.
You are too confused!
You're too confused!
You bump into the rock wall.
Sigmund hits you from afar with a +0 scythe.
Sigmund barely misses you.
Sigmund hits you from afar with a +0 scythe!
* * * LOW HITPOINT WARNING * * *
You bump into the rock wall.
You feel less confused.
Sigmund giggles. "Time to reap what you sow."
Sigmund barely misses you.
You barely miss Sigmund.
Sigmund is moderately wounded.
Sigmund hits you with a +0 scythe!
You die...

#.#..#.##.. #.#...#....#
#.......#..# # #..#^.#..#
.# #..#..#..# #.
#..#..#..# #.
...###........# #####.
#......@g......#####...#.
#...####@..รท...........#.
## ###..######.......
#...............
###.#######<...... #...#
###..... #.### #..... #.#
##.#.. #.# #.##. #.# #.##.


You could see Sigmund and a goblin.

Vanquished Creatures
  A dart slug (D:1)
  2 leopard geckos
  3 giant cockroaches (D:1)
  3 goblins (D:1)
  3 hobgoblins
  A ball python (D:1)
  8 bats (D:1)
  4 frilled lizards
  5 kobolds
  A rat (D:1)
31 creatures vanquished.

Notes
Turn   | Place    | Note
-------+----------+-------------------------------------------
     0 | D:1      | Holzbalken the Demonspawn Gladiator began the quest for the
                  | Orb.
     0 | D:1      | Reached XP level 1. HP: 16/16 MP: 1/1
    71 | D:1      | Reached skill level 3 in Polearms
   240 | D:1      | Gained mutation: You have a pair of small antennae on your
                  | head. [demonic ancestry]
   240 | D:1      | Reached XP level 2. HP: 22/22 MP: 2/2
   797 | D:1      | Gained mutation: You are partially covered in molten
                  | scales. (AC +2) [demonic ancestry]
   797 | D:1      | Reached XP level 3. HP: 24/27 MP: 3/3
   955 | D:2      | Found a burning altar of Makhleb.
   976 | D:2      | Became a worshipper of Makhleb the Destroyer
  1100 | D:2      | Reached skill level 4 in Polearms
  1106 | D:2      | Noticed Sigmund
  1124 | D:2      | Slain by Sigmund

Levels and vault maps discovered:
D:1:      saegor_arrival_under_anarchy, layout_basic
D:2:      layout_loops_ring, bloody_makhleb, uniq_robin, uniq_sigmund

Skill      XL: |  1  2  3 |
---------------+----------+-----
Polearms       | 3 4 |  4.0
Fighting       | |  2.0
Throwing       | |  1.7
Dodging        | |  2.6

Action                   || total
-------------------------++-------
Melee: Trident           ||   101
  Eat: Chunk             ||     1
Armor: Leather armour    ||    36
Dodge: Dodged            ||    58

Table legend:
 A = Non-vault XP
 B = Vault XP
 C = Vault XP percentage of total XP
 D = Non-vault monster count
 E = Vault monster count
 F = Vault count percentage of total count
                 A         B        C        D         E       F
            +---------+---------+-------+---------+---------+-------
      Total |      53 |       0 |   0.0 |      31 |       0 |   0.0
            +---------+---------+-------+---------+---------+-------
        D:1 |      43 |       0 |   0.0 |      26 |       0 |   0.0
        D:2 |      10 |       0 |   0.0 |       5 |       0 |   0.0
            +---------+---------+-------+---------+---------+-------
